 Dungeon Crawl Stone Soup version 0.26.0-10-g1f06aea511 (webtiles) character file.

Game seed: 5283532305944993547

9172 EnegeticOcto the Severer (level 11, -13/88 HPs)
             Began as a Deep Dwarf Delver on Jan 14, 2021.
             Was a Believer of Ru.
             Killed from afar by an ice statue (24 damage)
             ... with a bolt of cold
             ... in a Gauntlet.
             The game lasted 00:20:58 (2655 turns).

EnegeticOcto the Severer (Deep Dwarf Delver)        Turns: 2655, Time: 00:20:58

Health: -13/88     AC: 13    Str: 20    XL:     11   Next: 19%
Magic:  2/2        EV:  4    Int: 10    God:    Ru [**....]
Gold:   592        SH:  8    Dex: 14    Spells: 24/24 levels left

rFire    . . .     SeeInvis .   a - +0 broad axe (flame)
rCold    . . .     Faith    .   x - +0 buckler
rNeg     . . .     Spirit   .   v - +0 plate armour
rPois    .         Reflect  +   e - +0 helmet
rElec    .         Harm     .   (no cloak)
rCorr    +         Rampage  .   (no gloves)
Will     +....     NoTele   +   D - +1 pair of boots
Stlth    ..........             E - amulet of reflection
HPRegen  0.00/turn              b - ring of stealth
MPRegen  0.08/turn              y - ring of resist corrosion

@: non-regenerating
A: damage resistance, heal wounds, sense surroundings 2, inability to train
dodging, no earth magic, no hexes magic, no translocations magic, no
regeneration
a: Heal Wounds, Renounce Religion


You were in a Gauntlet.
You worshipped Ru.
Ru was pleased with you.
You visited 3 branches of the dungeon, and saw 11 of its levels.
You also visited: Gauntlet.

You collected 592 gold pieces.

Inventory:

Hand Weapons
 a - a +0 broad axe of flaming (weapon)
 B - the +5 flail "Guvepty" {venom, Will+ Str+3 SInv}
   (You found it on level 11 of the Dungeon)

   It poisons the flesh of those it strikes.
   It affects your strength (+3).
   It affects your willpower, your defense against some magical effects.
   It lets you see invisible.
Armour
 e - a +0 helmet (worn)
 v - a +0 plate armour (worn)
 x - a +0 buckler (worn)
 D - a +1 pair of boots (worn)
Jewellery
 b - a ring of stealth (left hand)
 i - an uncursed ring of flight
 y - a ring of resist corrosion (right hand)
 E - an amulet of reflection (around neck)
Wands
 g - a wand of digging (3) {@v3}
 u - a wand of polymorph (8)
Scrolls
 c - 2 scrolls of fog
 l - 2 scrolls of amnesia
 n - 3 scrolls of remove curse {@r2}
 r - a scroll of teleportation {@r3}
Potions
 f - a potion of haste {@q4}
 o - a potion of attraction
 q - a potion of magic
 s - 2 potions of lignification
 t - a potion of curing {@q1}
 z - a potion of brilliance {unknown}
Miscellaneous
 H - a phial of floods


   Skills:
 - Level 2.6 Fighting
 - Level 15.9 Axes
 - Level 6.0 Stealth
 + Level 7.0 Spellcasting


You had 24 spell levels left.
You didn't know any spells.
Your spell library contained the following spells:

 Spells                   Type           Power        Failure   Level
 Sandblast                Erth           Unusable     N/A         1
 Passwall                 Tmut/Erth      Unusable     N/A         2
 Stone Arrow              Conj/Erth      Unusable     N/A         3
 Petrify                  Tmut/Erth      Unusable     N/A         4
 Lee's Rapid Deconstruct  Erth           Unusable     N/A         5

Dungeon Overview and Level Annotations

Branches:
Dungeon (11/15)            Temple (1/1) D:5            Lair (1/6) D:11
Gauntlet (1/1)
    Orc: D:9-12

Altars:
Cheibriados
Elyvilon
Gozag
Makhleb
Nemelex Xobeh
Ru
Sif Muna
Yredelemnul

Annotations:
Gauntlet 5 transporters, 2 runed translucent doors, exclusion: ice statue


Innate Abilities, Weirdness & Mutations

You are resistant to damage.
You can heal yourself by infusing magical energy.
You passively map the area around you.
You cannot train Dodging skill.
You cannot study or cast Earth magic.
You cannot study or cast Hexes magic.
You cannot study or cast Translocations magic.
You do not regenerate.


Message History

You hit the catoblepas. You burn the catoblepas.
The catoblepas is heavily wounded.
The catoblepas barely misses you.
You slice the catoblepas!! You burn the catoblepas.
The catoblepas is almost dead.
You block the catoblepas's attack.
You slash the catoblepas! You burn the catoblepas.
You kill the catoblepas!
d - a scroll labelled EMANIFUPEI
h - a scroll labelled WIATECIRUO
There is a transporter here.
You enter the transporter and appear at another place.
Found a transporter.
As you read the scroll labelled EMANIFUPEI, it crumbles to dust.
The dust glows luminous umber!
It was a scroll of random uselessness.
As you read the scroll labelled WIATECIRUO, it crumbles to dust.
It is a scroll of enchant armour.
Your +0 pair of boots glows green for a moment.
There is a transporter here.
You fail to use your ability.
You feel much better.
The redback changes into a swamp worm!
You enter the transporter and appear at another place.
A rime drake and an ice statue come into view.
The rime drake hisses angrily.
The ice statue gestures.
Marking area around an ice statue as unsafe for travelling.
Found a potion of haste and a paperback book.
A rime drake comes into view.
The rime drake hisses angrily.
The rime drake moves out of view.
Marking area around an ice statue as unsafe for travelling.
Found a transporter.
Your magical essence is drained by the effort!
You feel much better. The ice statue gestures at you.
The freezing blast engulfs you.
You are engulfed in freezing vapours.
Found two transporters.
The rime drake is engulfed in freezing vapours.
The rime drake is engulfed in freezing vapours.
The rime drake breathes ice at you.
The flash freeze reflects off an invisible shield around you!
The flash freeze hits the rime drake!
The rime drake partially resists.
The rime drake is flash-frozen.
The rime drake is engulfed in freezing vapours.
You closely miss the rime drake.
The rime drake is almost dead.
The rime drake is no longer encased in ice.
The rime drake bites you but does no damage.
The neqoxec shouts!
You hit the rime drake. You burn the rime drake.
The rime drake is almost dead.
You hear a shout!
The rime drake bites you but does no damage.
Your plate armour prevents you from hitting the rime drake.
The rime drake is almost dead.
The rime drake breathes ice at you. The flash freeze hits you!
You are encased in ice.
You slash the rime drake! You burn the rime drake.
You kill the rime drake!
Your Spellcasting skill increases to level 7!
Really walk into a travel-excluded area?
Okay, then.
The ice encasing you melts away.
Really walk into a travel-excluded area?
The ice statue gestures.
You hit the ice statue but do no damage.
You hit the ice statue.
You melt the ice statue.
The ice statue is lightly damaged.
You completely miss the ice statue.
The ice statue is lightly damaged.
You slash the ice statue!
You melt the ice statue.
The ice statue is lightly damaged.
The ice statue gestures.
You slice the ice statue!!
You melt the ice statue!
The ice statue is severely damaged.
You hit the ice beast but do no damage.
The ice beast hits you but does no damage.
The ice statue gestures at you. The freezing blast engulfs you!
You hit the ice statue but do no damage.
The ice statue is severely damaged.
You closely miss the ice beast.
You are engulfed in freezing vapours.
You block the ice beast's attack. The ice statue gestures at you.
The shard of ice hits you!!
* * * LOW HITPOINT WARNING * * *
You feel much better.
You are engulfed in freezing vapours.
* * * LOW HITPOINT WARNING * * *
The ice beast hits you but does no damage.
The ice statue gestures at you. The shard of ice hits you!
* * * LOW HITPOINT WARNING * * *
You feel much better.
You are engulfed in freezing vapours.
* * * LOW HITPOINT WARNING * * *
You focus your inner power and blind the ice statue in retribution!
The ice statue gestures at you. The bolt of cold hits you!!
You die...

*, , , * * * * ,,
.#.#3*#©...#.#..., *
################ *
,.......©........,© ,
.......©.......... , *
***################## ,
..#..:○kY...#...§., , *
,, , #.##8####*....§ * *
* ≈ .##.##@##.##..# *≈ *
* ..#.#Y○Y○#..#..##
..#.##○##○###..≈# * *
..*.##..#©###..####### *
##.#.....##..#≈#≈#≈# ,,
. ###.##.##.#........###
,
..###.##.##.#.........§#
####################..##
, ,,
.......©...........#...≈


You could see an ice statue (blind), a wretched star, a rime drake, a neqoxec
and 3 ice beasts.

Vanquished Creatures
  2 hydras
  A catoblepas (Gauntlet)
  An ugly thing (D:11)
  A manticore (D:11)
  A centaur zombie (D:11)
  The ghost of MisterOstroum the Changer, a novice KoTm of Cheibriados (D:6)
  The ghost of EnegeticOcto the Chopper, a novice DDDe of Okawaru (D:6)
  A rime drake (Gauntlet)
  2 trolls (D:11)
  Sigmund (D:3)
  2 yaks (D:11)
  A wyvern (D:11)
  A basilisk (Lair:1)
  2 water moccasins
  A sky beast (D:7)
  3 orc warriors
  A black bear (D:8)
  2 ogres
  A necrophage (D:11)
  A phantom (D:8)
  6 wolves (Lair:1)
  8 centaurs
  3 big kobolds
  5 bullfrogs
  4 scorpions
  A killer bee (D:8)
  A howler monkey (D:6)
  4 wights
  2 bullfrog zombies
  A quasit (D:6)
  A hound (D:8)
  2 jellies
  5 orc priests
  A bullfrog skeleton (D:7)
  An iguana (D:11)
  Ijyb (D:4)
  8 orc wizards
  10 worker ants
  2 hound skeletons (D:11)
  A worker ant zombie (D:5)
  3 adders
  4 gnolls (D:6)
  A shadow imp (D:5)
  An adder zombie (D:6)
  An adder skeleton (D:7)
  A worm (D:4)
  2 leopard geckos
  27 orcs
  2 giant cockroaches
  7 goblins
  8 jackals
  9 kobolds
  2 quokkas
  A frilled lizard (D:4)
  A quokka zombie (D:6)
164 creatures vanquished.

Vanquished Creatures (others)
  A howler monkey (D:11)
  An orc wizard (D:11)
  7 fungi (Lair:1)
  6 plants
  3 withered plants
18 creatures vanquished.

Grand Total: 182 creatures vanquished

Notes
Turn   | Place    | Note
-------+----------+-------------------------------------------
     0 | D:5      | EnegeticOcto the Deep Dwarf Delver began the quest for the
                  | Orb.
     0 | D:5      | Reached XP level 1. HP: 20/20 MP: 1/1
    30 | D:6      | Reached skill level 4 in Axes
    30 | D:6      | Reached XP level 2. HP: 12/27 MP: 2/2
    30 | D:6      | Reached XP level 3. HP: 14/33 MP: 3/3
    39 | D:6      | Noticed an orc warrior
    80 | D:5      | Found a staircase to the Ecumenical Temple.
    97 | Temple   | Entered the Ecumenical Temple
   109 | Temple   | Became a worshipper of Ru the Awakened
   172 | D:5      | Reached XP level 4. HP: 26/40 MP: 4/4
   255 | D:4      | Reached skill level 5 in Axes
   291 | D:4      | Reached skill level 6 in Axes
   291 | D:4      | Reached XP level 5. HP: 33/46 MP: 4/4
   295 | D:4      | Noticed Ijyb
   310 | D:4      | Killed Ijyb
   351 | D:3      | Noticed Sigmund
   377 | D:3      | Killed Sigmund
   378 | D:3      | Reached skill level 7 in Axes
   378 | D:3      | Reached XP level 6. HP: 39/55 MP: 4/4
   553 | D:5      | Reached skill level 8 in Axes
   553 | D:5      | Found an opulent altar of Gozag.
   602 | D:6      | Killed an orc warrior
   603 | D:6      | Reached XP level 7. HP: 43/61 MP: 5/5
   733 | D:6      | Found a white marble altar of Elyvilon.
   734 | D:6      | Found a snail-covered altar of Cheibriados.
   743 | D:6      | Gained mutation: You cannot train Dodging skill. [Ru
                  | sacrifice]
   743 | D:6      | Reached * piety under Ru
   761 | D:6      | Found a runed translucent gate.
   761 | D:6      | Found a runed translucent gate.
   761 | D:6      | Found a runed translucent gate.
   761 | D:6      | Noticed EnegeticOcto's ghost (novice DDDe)
   763 | D:6      | Noticed MisterOstroum's ghost (novice KoTm)
   768 | D:6      | Reached skill level 9 in Axes
   806 | D:6      | Reached skill level 1 in Spellcasting
   925 | D:6      | Killed MisterOstroum's ghost
   926 | D:6      | Reached skill level 10 in Axes
   926 | D:6      | Reached XP level 8. HP: 68/68 MP: 6/8
   953 | D:6      | Killed EnegeticOcto's ghost
   954 | D:6      | Reached skill level 11 in Axes
  1053 | D:7      | Reached skill level 12 in Axes
  1214 | D:7      | Gained mutation: You passively map the area around you.
                  | [Deep Dwarf growth]
  1214 | D:7      | Reached XP level 9. HP: 52/74 MP: 7/7
  1541 | D:8      | Reached skill level 13 in Axes
  1669 | D:8      | Gained mutation: You cannot study or cast Earth magic. [Ru
                  | sacrifice]
  1669 | D:8      | Gained mutation: You cannot study or cast Hexes magic. [Ru
                  | sacrifice]
  1669 | D:8      | Gained mutation: You cannot study or cast Translocations
                  | magic. [Ru sacrifice]
  1669 | D:8      | Reached ** piety under Ru
  1766 | D:8      | Reached skill level 14 in Axes
  1875 | D:10     | Entered Level 10 of the Dungeon
  1984 | D:11     | Noticed a manticore
  1991 | D:11     | Killed a manticore
  1992 | D:11     | Reached XP level 10. HP: 43/81 MP: 5/5
  1998 | D:11     | Reached skill level 15 in Axes
  2028 | D:11     | Noticed a six-headed hydra
  2044 | D:11     | Noticed a cyan ugly thing
  2045 | D:11     | Identified a scroll of acquirement
  2045 | D:11     | Acquired a +0 broad axe of flaming
  2056 | D:11     | Killed a one-headed hydra
  2072 | D:11     | Noticed a boulder beetle
  2094 | D:11     | Killed a cyan ugly thing
  2236 | D:11     | Reached skill level 5 in Spellcasting
  2237 | D:11     | Got a twisted flail
  2238 | D:11     | Identified the +5 flail "Guvepty" {venom, Will+ Str+3 SInv}
                  | (You found it on level 11 of the Dungeon)
  2375 | D:11     | Found a staircase to the Lair.
  2384 | Lair:1   | Entered Level 1 of the Lair of Beasts
  2417 | Lair:1   | HP: 3/81 [wolf (3)]
  2490 | Lair:1   | Noticed a four-headed hydra
  2510 | Lair:1   | Killed a one-headed hydra
  2511 | Lair:1   | Reached XP level 11. HP: 37/88 MP: 0/2
  2540 | Lair:1   | Found a gate leading to a gauntlet.
  2559 | Gauntlet | Entered a Gauntlet
  2559 | Gauntlet | Found a transporter.
  2559 | Gauntlet | Found a transporter.
  2559 | Gauntlet | Found a runed translucent door.
  2559 | Gauntlet | Found a runed translucent door.
  2559 | Gauntlet | Noticed an orb spider
  2564 | Gauntlet | Noticed a fire crab
  2564 | Gauntlet | a queen bee changed into a fire crab
  2567 | Gauntlet | Found a transporter.
  2574 | Gauntlet | Noticed a catoblepas
  2579 | Gauntlet | Found a transporter.
  2586 | Gauntlet | a fire crab changed into a guardian serpent
  2604 | Gauntlet | Killed a catoblepas
  2618 | Gauntlet | Found a transporter.
  2631 | Gauntlet | Found a transporter.
  2633 | Gauntlet | Found a transporter.
  2633 | Gauntlet | Found a transporter.
  2636 | Gauntlet | Noticed a wretched star
  2655 | Gauntlet | Killed from afar by an ice statue

Illustrated notes

Levels and vault maps discovered:
D:3:      layout_rooms, lemuel_statue_altar, uniq_sigmund, uniq_terence
D:4:      kennysheep_the_goblin_king, layout_cave_pools,
          lemuel_coloured_pillars_altar, chequers_big_river,
          hangedman_decor_clover_reticule
D:5:      layout_layer_cave, minitemple, kennysheep_mini,
          minmay_temple_entry_purple_smoke, minmay_ogre_servants
D:6:      layout_cave_pools, gammafunk_temple_overflow_statue,
          gammafunk_ghost_cemetery
D:7:      layout_loops_ring, uniq_harold
D:8:      layout_loops_cross, kennysheep_dice
D:9:      layout_rooms, tso_altar
D:10:     layout_stronghold
D:11:     minmay_the_grid_octo_tiled_squarecenter [minmay_the_grid_octo_clover,
          minmay_the_grid_octo_focus, minmay_the_grid_octo_fan_narrow,
          minmay_the_grid_octo_thin_diamonds,
          minmay_the_grid_square_5x5_megaprize_hollow,
          minmay_the_grid_square_5x5_meh, minmay_the_grid_square_5x5_inner_z,
          minmay_the_grid_square_5x5_hollow_slash,
          minmay_the_grid_square_5x5_half_checkered], layout_long_grid,
          lair_entry_dummy, basic_altar
Temple:   nicolae_temple_god_jail
Lair:1:   layout_long_grid, gauntlet_entry_generic, uniq_nergalle
Gauntlet: gammafunk_gauntlet_mixed_choke_point
          [minmay_gauntlet_arena_77_two_lines,
          minmay_gauntlet_arena_77_shame_cube,
          minmay_gauntlet_arena_77_checkered, gammafunk_gauntlet_arena_crates,
          minmay_gauntlet_arena_77_two_paths,
          minmay_gauntlet_arena_77_run_for_it,
          minmay_gauntlet_arena_77_double_cross,
          nicolae_gauntlet_exit_dead_adventurers]

Skill      XL: |  1  2  3  4  5  6  7  8  9 10 11 |
---------------+----------------------------------+-----
Axes           | 4 6 7 8 10 12 14 15 | 15.9
Dodging        | 0 |  0.0
Spellcasting   | 2 6 7 |  7.0
Fighting       | |  2.6
Stealth        | |  6.0

Action                   |  1- 3 |  4- 6 |  7- 9 | 10-12 || total
-------------------------+-------+-------+-------+-------++-------
Melee: Hand axe          |    26 |       |       |       ||    26
       War axe           |     9 |    95 |   258 |       ||   362
       Unarmed           |       |       |    28 |       ||    28
       Battleaxe         |       |       |    79 |    11 ||    90
       Broad axe         |       |       |       |   160 ||   160
Throw: Javelin           |       |       |       |     4 ||     4
Invok: Sacrifice Nimblen |       |       |     1 |       ||     1
       Sacrifice Arcana  |       |       |     1 |       ||     1
 Abil: Heal Wounds       |     1 |     6 |    18 |    27 ||    52
Evoke: Wand              |       |    10 |     3 |     3 ||    16
  Use: Scroll            |       |       |    10 |    10 ||    20
       Potion            |       |       |     1 |     2 ||     3
 Stab: Paralysed         |       |     4 |       |     4 ||     8
       Sleeping          |       |     2 |       |       ||     2
       Invisible         |       |       |     2 |       ||     2
Armor: Leather armour    |     8 |    30 |       |       ||    38
       Plate armour      |       |       |   238 |   100 ||   338
       Skin              |       |       |    48 |    32 ||    80
Dodge: Dodged            |    25 |    76 |    71 |    48 ||   220
Block: Buckler           |       |       |    33 |    40 ||    73
       Other             |       |       |     6 |    26 ||    32
       Reflection        |       |       |     2 |     4 ||     6
